 Dungeon Crawl Stone Soup version 0.31-a0-859-g9dce7d3444 (webtiles) character file.

Game seed: 14367919616187389193

279 Shayle the Insei (level 6, 0/69 HPs)
             Began as a Human Shapeshifter on Oct 9, 2023.
             Succumbed to a scorpion's poison
             ... on level 3 of the Dungeon.
             The game lasted 00:04:31 (1576 turns).

Shayle the Insei (Human Shapeshifter)               Turns: 1576, Time: 00:04:32

Health: 0/69       AC: 23    Str: 14    XL:     6   Next: 52%
Magic:  6/7        EV:  2    Int: 14    God:
Gold:   106        SH:  0    Dex: 15    Spells: 5/5 levels left

rFire   . . .        k - +11 dagger of War {protect, Int+4}
rCold   . . .        (no shield)
rNeg    . . .        m - melded +0 ring mail
rPois   +            (helmet currently unavailable)
rElec   .            (cloak currently unavailable)
rCorr   .            (gloves currently unavailable)
SInv    .            (boots currently unavailable)
Will    +....        (no amulet)
Stlth   +            (no ring)
HPRegen 0.31/turn    (no ring)
MPRegen 0.10/turn

%: no passive effects
@: mighty, brilliant, lethally poisoned (0 -> -4), tree-form, enlightened
A: stationary, stasis, torment immunity, boosted hp
a: no special abilities


You were on level 3 of the Dungeon.
You were a tree.
You visited 1 branch of the dungeon, and saw 3 of its levels.

You collected 106 gold pieces.

Inventory:

Hand Weapons
 k - the +11 dagger of War (weapon) {protect, Int+4}
   (You found it on level 2 of the Dungeon)

   Int+4:     It affects your intelligence (+4).
Armour
 a - a +0 animal skin
 m - a +0 ring mail (melded)
Talismans
 c - a beast talisman
 d - a flux talisman
Scrolls
 i - a scroll of butterflies {unknown}
 j - 2 scrolls of amnesia {unknown}
 l - 2 scrolls of immolation {unknown}
Potions
 b - a potion of lignification
 g - a potion of brilliance
 h - a potion of heal wounds {unknown}


   Skills:
 + Level 2.9 Fighting
 + Level 3.4 Dodging
 + Level 4.0 Unarmed Combat
 + Level 2.1 Invocations
 + Level 3.9 Shapeshifting


You had 5 spell levels left.
You didn't know any spells.
Your spell library contained the following spells:

 Spells                   Type           Power      Damage    Failure   Level
 Tukima's Dance           Hex            0%         N/A       65%         3
 Passage of Golubria      Tloc           0%         N/A       96%         4
 Yara's Violent Unravell  Hex/Tmut       0%         3d3       100%        5


Dungeon Overview and Level Annotations

Branches:
Dungeon (3/15)

Altars:


Message History

The scorpion stings you but does no damage.
You barely miss the scorpion.
The scorpion is heavily wounded.
The scorpion stings you.
You are poisoned.
The scorpion poisons you! The rat bites you but does no damage.
You barely miss the scorpion.
The scorpion is heavily wounded.
You feel very sick.
The scorpion stings you but does no damage.
The rat closely misses you. The adder bites you.
* * * LOW HITPOINT WARNING * * *
The scorpion misses you.
Your transformation has ended.
You turn into a tree.
Your +0 ring mail melds into your body.
Your roots penetrate the ground.
You feel sick. The adder bites you but does no damage.
The rat bites you but does no damage.
The scorpion stings you but does no damage.
You closely miss the adder.
You feel sick. The adder bites you but does no damage. The rat bites you.
* * * LOW HITPOINT WARNING * * *
The scorpion stings you.
* * * LOW HITPOINT WARNING * * *
The adder bites you but does no damage.
Unknown command.
It was a potion of brilliance.
You feel clever all of a sudden.
* * * LOW HITPOINT WARNING * * *
You feel sick. The scorpion stings you.
* * * LOW HITPOINT WARNING * * *
The rat bites you but does no damage. The adder bites you.
* * * LOW HITPOINT WARNING * * *
It was a potion of might.
You feel very mighty all of a sudden.
* * * LOW HITPOINT WARNING * * *
You feel sick. The scorpion stings you.
* * * LOW HITPOINT WARNING * * *
The adder barely misses you. The rat bites you but does no damage.
It was a potion of enlightenment.
Your roots keep you in place.
You die...

# [. .## .
.. ..######.
... #.......
....##.....#
........#..#
.....?r♣..#
#.>!..#sS.#
###
#.......#.#
.#
#.?...###.#
.# .....#
#.# #.# .
####. #.#
#.# . # #.#
#.# # #.##
#.# # #..###
####.####


You could see a scorpion, an adder and a rat.

Vanquished Creatures
  Grinder (D:3)
  Terence (D:2)
  An adder (D:2)
  A worm (D:2)
  2 dart slugs
  2 ball pythons
  5 bats
  An endoplasm (D:1)
  A giant cockroach (D:1)
  4 goblins (D:1)
  4 hobgoblins
  6 kobolds
  4 quokkas
  A frilled lizard (D:1)
  5 rats
39 creatures vanquished.

Notes
Turn   | Place    | Note
-------+----------+-------------------------------------------
     0 | D:1      | Shayle the Human Shapeshifter began the quest for the Orb.
     0 | D:1      | Reached XP level 1. HP: 15/15 MP: 1/1
    24 | D:1      | Found a faded altar of an unknown god.
    98 | D:1      | Reached XP level 2. HP: 18/21 MP: 2/2
   304 | D:1      | Reached XP level 3. HP: 23/26 MP: 3/3
   885 | D:2      | Identified the +11 dagger of War {protect, Int+4}
   981 | D:2      | Reached XP level 4. HP: 33/33 MP: 4/4
  1471 | D:3      | Noticed Terence
  1486 | D:2      | Killed Terence
  1537 | D:3      | Noticed Grinder
  1550 | D:3      | Paralysed by Grinder for 2 turns
  1556 | D:3      | Killed Grinder
  1557 | D:3      | Reached skill level 4 in Unarmed Combat
  1557 | D:3      | Reached XP level 5. HP: 18/40 MP: 4/6
  1557 | D:3      | Reached XP level 6. HP: 21/46 MP: 4/7
  1574 | D:3      | HP: 3/69 [adder (1)]
  1575 | D:3      | HP: 1/69 [scorpion (2)]
  1576 | D:3      | Succumbed to a scorpion's poison

Illustrated notes

Levels and vault maps discovered:
D:1:      dpeg_arrival_lava_temple_mockup, layout_basic,
          hellmonk_ecumenical_altar_arch_garden, serial_park_tiny_pond
D:2:      layout_basic
D:3:      layout_rooms, uniq_grinder, uniq_terence

Skill      XL: |  1  2  3  4 |
---------------+-------------+-----
Fighting       | 2 |  2.9
Dodging        | 3 |  3.4
Unarmed Combat | 4 |  4.0
Invocations    | 2 |  2.1
Shapeshifting  | |  3.9

Action                     |  1- 3 |  4- 6 || total
---------------------------+-------+-------++-------
  Melee: Unarmed           |    79 |       ||    79
         Punch             |     3 |     3 ||     6
         Dagger            |     7 |    26 ||    33
    Use: Potion            |       |     4 ||     4
   Stab: Sleeping          |     1 |       ||     1
 Armour: Animal skin       |    46 |       ||    46
         Ring mail         |       |    14 ||    14
         Skin              |       |    12 ||    12
  Dodge: Dodged            |    62 |    12 ||    74

Table legend: (Time is in decaauts)
 A = Elapsed time spent in this place.
 B = Non-inter-level travel time spent in this place.
 C = Inter-level travel time spent in this place.
 D = Time resting spent in this place.
 E = Time spent auto-exploring this place.
 F = Levels seen in this place.
 G = Mean time per level.
                   A        B        C        D        E       F      G
               +--------+--------+--------+--------+--------+-----+--------+
         Total |   1571 |   1385 |    186 |      0 |    974 |   3 |  523.7 |
       Dungeon |   1571 |   1385 |    186 |      0 |    974 |   3 |  523.7 |
               +--------+--------+--------+--------+--------+-----+--------+

Top non-repeatable levels by time:
     D:1: 755 daAuts
     D:2: 714 daAuts
     D:3: 102 daAuts
